 Dungeon Crawl Stone Soup version 0.28-a0-1545-g945cd3f27e (webtiles) character file.

Game seed: 7497739659033668684

10 BritishOli the Ducker (level 2, 17/21 (22) HPs)
             Began as a Demonspawn Gladiator on Jan 18, 2022.
             Got out of the dungeon alive.
             The game lasted 00:00:14 (103 turns).

BritishOli the Ducker (Demonspawn Gladiator)         Turns: 103, Time: 00:00:15

HP:   17/21 (22)    AC:  4    Str: 14    XL:     2   Next: 10%
MP:   2/2           EV: 12    Int:  9    God:
Gold: 0             SH:  0    Dex: 16    Spells: 1/1 levels left

rFire   . . .      SeeInvis .   a - +0 war axe
rCold   . . .      Faith    .   (no shield)
rNeg    . . .      Spirit   .   b - +0 leather armour
rPois   .          Reflect  .   c - +0 helmet
rElec   .          Harm     .   (no cloak)
rCorr   .          Rampage  .   (no gloves)
Will    .....                   (no boots)
Stlth   ++........              (no amulet)
HPRegen 0.07/turn               (no ring)
MPRegen 0.08/turn               (no ring)

@: lightly drained
A: thin skeletal structure 1
a: no special abilities


You escaped.
You visited 1 branch of the dungeon, and saw 1 of its levels.

Inventory:

Hand Weapons
 a - a +0 war axe (weapon)
Missiles
 d - 3 throwing nets (quivered)
Armour
 b - a +0 leather armour (worn)
 c - a +0 helmet (worn)


   Skills:
 + Level 2.2 Fighting
 + Level 2.8 Axes
 + Level 2.0 Throwing
 + Level 2.8 Dodging


You had one spell level left.
You didn't know any spells.
Your spell library was empty.

Dungeon Overview and Level Annotations

Branches:
Dungeon (1/15)

Altars:


Innate Abilities, Weirdness & Mutations

You have a somewhat thin skeletal structure. (Dex +2, Stealth+)


Message History

A frilled lizard comes into view.
A jackal comes into view.
The dart slug bites you.
There are monsters nearby!
The jackal barks!
The frilled lizard hisses angrily.
You slash the dart slug!
You kill the dart slug!
You hear a bark!
An endoplasm comes into view.
A jackal comes into view.
Your Throwing skill increases to level 2!
There are monsters nearby!
You slash the hobgoblin!
You kill the hobgoblin!
The goblin hits you with a +1 dagger of draining.
You feel drained.
Your life force feels restored.
You have reached level 2!
Your demonic ancestry asserts itself...
Your bones become slightly less dense.
The goblin hits you but does no damage.
You feel drained. The frilled lizard closely misses you.
The jackal closely misses you. The jackal barely misses you.
A jackal comes into view.
The endoplasm hits the withered plant.
The withered plant begins to crumble.
The endoplasm hits the withered plant.
The withered plant begins to crumble.
The endoplasm hits the withered plant.
The endoplasm hits the withered plant.
Something hits the withered plant.
The jackal bites you but does no damage.
There is a fountain of clear blue water here.
The jackal bites you.
There is a staircase leading out of the dungeon here.
You hit the jackal.
You kill the jackal!
The frilled lizard closely misses you.
There is a staircase leading out of the dungeon here.
You see here a jackal corpse.
Are you sure you want to leave the Dungeon?
This will make you lose the game! The frilled lizard closely misses you.
You have escaped!

#...............#
#....†..........#
#...............#
#######...............#
......................#
.##♣♣♣.♣♣♣##........# ♣⌠♣
#.......#
#..♣♣♣♣♣.♣♣♣♣♣.....###
#.....⌠.@lgh.J......##
#..♣♣♣♣♣.♣♣♣♣♣.......####
♣⌠♣ #.....P..... ♣.♣
#....P♣J.... ...
......P.PP♣.h.
..........P.P_♣...
..........#.P......
>.........##.PP....
.....# #.......


You could see an endoplasm, a jackal, a goblin and a frilled lizard.

Vanquished Creatures
  A dart slug (D:1)
  2 ball pythons (D:1)
  A bat (D:1)
  A goblin (D:1)
  A hobgoblin (D:1)
  A jackal (D:1)
7 creatures vanquished.

Vanquished Creatures (others)
  2 withered plants (D:1)
2 creatures vanquished.

Grand Total: 9 creatures vanquished

Notes
Turn   | Place    | Note
-------+----------+-------------------------------------------
     0 | D:1      | BritishOli the Demonspawn Gladiator began the quest for the
                  | Orb.
     0 | D:1      | Reached XP level 1. HP: 16/16 MP: 1/1
    62 | D:1      | Found a faded altar of an unknown god.
    79 | D:1      | Gained mutation: You have a somewhat thin skeletal
                  | structure. (Dex +2, Stealth+) [demonic ancestry]
    79 | D:1      | Reached XP level 2. HP: 18/22 MP: 2/2
   103 | D:$      | Got out of the dungeon alive.

Illustrated notes

Levels and vault maps discovered:
D:1:      scummos_arrival_forest, layout_rooms,
          ebering_ecumenical_altar_petrified, minmay_rat_gold_closets

Skill      XL: |  1 |
---------------+----+-----
Throwing       | 2 |  2.0
Fighting       | |  2.2
Axes           | |  2.8
Dodging        | |  2.8

Action                   || total
-------------------------++-------
Melee: War axe           ||    13
Armor: Leather armour    ||     8
Dodge: Dodged            ||    11

Table legend: (Time is in decaauts)
 A = Elapsed time spent in this place.
 B = Non-inter-level travel time spent in this place.
 C = Inter-level travel time spent in this place.
 D = Time resting spent in this place.
 E = Time spent auto-exploring this place.
 F = Levels seen in this place.
 G = Mean time per level.
                   A        B        C        D        E       F      G
               +--------+--------+--------+--------+--------+-----+--------+
         Total |    107 |    107 |      0 |      0 |     55 |   1 |  107.0 |
       Dungeon |    107 |    107 |      0 |      0 |     55 |   1 |  107.0 |
               +--------+--------+--------+--------+--------+-----+--------+

Top non-repeatable levels by time:
     D:1: 107 daAuts
